 Dungeon Crawl Stone Soup version 0.27-a0-334-g52645efa06 (webtiles) character file.

Game seed: 10294019326616007177

3221 DavidChitty2 the Spear-Bearer (level 9, -3/72 HPs)
             Began as a Merfolk Abyssal Knight on Feb 13, 2021.
             Was a Priest of Lugonu.
             Succumbed to a kobold brigand's poison
             ... on level 8 of the Dungeon.
             The game lasted 00:18:09 (10849 turns).

DavidChitty2 the Spear-Bearer (MfAK)               Turns: 10849, Time: 00:18:09

Health: -3/72      AC: 20    Str: 16    XL:     9   Next: 97%
Magic:  14/14      EV: 13    Int: 11    God:    Lugonu [***...]
Gold:   459        SH:  0    Dex: 13    Spells: 8/8 levels left

rFire    . . .     SeeInvis .   a - +0 trident (vorpal)
rCold    . . .     Faith    .   (no shield)
rNeg     . . .     Spirit   .   k - +0 scale mail
rPois    .         Reflect  .   i - +0 helmet
rElec    .         Harm     .   w - +1 cloak
rCorr    .         Rampage  .   (no gloves)
Will     .....                  u - +2 pair of boots {run}
Stlth    ..........             (no amulet)
HPRegen  0.22/turn              r - +4 ring of protection
MPRegen  0.14/turn              A - +4 ring of protection

@: lethally poisoned (-3 -> -44), slowed, very slow
A: change form in water, swift swim, stealthy swim
a: Renounce Religion, Depart the Abyss, Bend Space, Banish


You were on level 8 of the Dungeon.
You worshipped Lugonu.
Lugonu was most pleased with you.
You visited 2 branches of the dungeon, and saw 9 of its levels.
You visited the Abyss 1 time.

You collected 459 gold pieces.

Inventory:

Hand Weapons
 a - a +0 vorpal trident (weapon)
   (You took it off an orc on level 5 of the Dungeon)
 b - a +0 hunting sling
   (You found it on level 1 of the Abyss)
 y - a +1 spear
Missiles
 g - 204 stones (quivered)
Armour
 e - a +0 chain mail of cold resistance
   (You took it off Duvessa on level 6 of the Dungeon)
 i - a +0 helmet (worn)
   (You found it on level 1 of the Dungeon)
 k - a +0 scale mail (worn)
   (You took it off Terence on level 1 of the Dungeon)
 u - a +2 pair of boots of running (worn)
   (You found it on level 4 of the Dungeon)
 w - a +1 cloak (worn)
   (You found it on level 1 of the Dungeon)
Jewellery
 n - a ring of positive energy
   (You took it off a goblin on level 3 of the Dungeon)
 r - a +4 ring of protection (left hand)
   (You found it on level 3 of the Dungeon)
 A - a +4 ring of protection (right hand)
   (You found it on level 6 of the Dungeon)
Wands
 v - a wand of polymorph (5)
   (You found it on level 4 of the Dungeon)
Scrolls
 c - 4 scrolls of fear
 f - 2 scrolls of amnesia
 l - 2 scrolls of magic mapping
 m - 3 scrolls of teleportation {@r4}
 s - 2 scrolls of enchant armour
 z - a scroll of enchant weapon
 B - 2 scrolls of blinking
Potions
 d - a potion of lignification {!q}
 h - a potion of brilliance
 j - a potion of ambrosia
 o - 3 potions of curing {@q1}
 p - a potion of cancellation {unknown}
 q - a potion of mutation {!q}
 t - 2 potions of heal wounds {@q2}
 x - a potion of attraction {!q}


   Skills:
 + Level 7.4 Fighting
 * Level 12.4 Polearms
 - Level 0.6 Armour
 + Level 8.3 Dodging
 + Level 6.9 Invocations


You had 8 spell levels left.
You didn't know any spells.
Your spell library contained the following spells:

 Spells                   Type           Power        Failure   Level
 Corona                   Hex            0%           80%         1
 Magic Dart               Conj           0%           80%         1
 Ensorcelled Hibernation  Hex/Ice        0%           90%         2
 Poisonous Vapours        Pois/Air       0%           90%         2
 Searing Ray              Conj           0%           90%         2
 Confusing Touch          Hex            0%           99%         3
 Conjure Flame            Conj/Fire      0%           99%         3
 Dazzling Flash           Conj/Hex       0%           99%         3
 Mephitic Cloud           Conj/Pois/Air  0%           99%         3
 Tukima's Dance           Hex            0%           99%         3
 Fulminant Prism          Conj/Hex       0%           100%        4
 Iskenderun's Mystic Bla  Conj/Tloc      0%           100%        4
 Freezing Cloud           Conj/Ice/Air   0%           100%        6


Dungeon Overview and Level Annotations

Branches:
Dungeon (8/15)             Temple (1/1) D:6
   Lair: D:8-11

Altars:
Ashenzari
Cheibriados
Dithmenos
Elyvilon
Fedhas
Gozag
Hepliaklqana
Kikubaaqudgha
Makhleb
Nemelex Xobeh
Okawaru
Qazlal
Ru
Sif Muna
Trog
Uskayaw
Vehumet
Wu Jian
Xom
Yredelemnul
Zin
The Shining One


Message History

Lugonu accepts your kill.
You feel sick.
You puncture the kobold brigand!
The kobold brigand hits you but does no damage. x2
You miss the kobold brigand.
You feel sick. The kobold brigand hits you.
You puncture the kobold brigand!
You kill the kobold brigand!
Lugonu accepts your kill.
The kobold brigand throws a poisoned dart.
The poisoned dart hits you!
You are more poisoned.
You barely miss the kobold brigand.
You feel sick.
The kobold brigand hits you but does no damage.
The kobold brigand hits you with a +0 short sword.
* * * LOW HITPOINT WARNING * * *
You feel sick.
The kobold brigand throws a poisoned dart.
The poisoned dart completely misses you.
You feel sick.
You feel sick.
You feel sick.
You feel sick.
You feel sick.
You feel sick.
Found a leather armour.
You feel sick.
You feel sick.
The kobold brigand throws a curare-tipped dart.
The curare-tipped dart hits you.
You are more poisoned.
You have difficulty breathing.
* * * LOW HITPOINT WARNING * * *
You feel yourself slow down.
* * * LOW HITPOINT WARNING * * *
You feel very sick.
The kobold brigand throws a poisoned dart.
The poisoned dart hits you!
You are more poisoned.
* * * LOW HITPOINT WARNING * * *
You feel very sick.
The kobold brigand throws a curare-tipped dart.
The curare-tipped dart hits you.
You are more poisoned.
You have difficulty breathing.
* * * LOW HITPOINT WARNING * * *
You feel as though you will be slow longer.
The kobold brigand throws a poisoned dart.
The poisoned dart hits you!
You are more poisoned.
You die...

...........# #..... .......
..........#######..... .........
....>........K....[... .........#
####........K.........
.........######........K.........
.............##.................#
............<##......K..........#
.............##..............##.#
................@............+ ..
.....###....###..............# #.
............+.............#....
.#######....###...#.##.##.#.####
............# #...#.#...#.#.#
............# #...#.#..##..
...........## #...#..[.. ..
.#######...# #...### .# #....


You could see 3 kobold brigands.

Vanquished Creatures
  A kobold demonologist (D:8)
  Grinder (D:4)
  Eustachio (D:4)
  Menkaure (D:7)
  Duvessa (D:6)
  A sky beast (D:6)
  An orc warrior (D:8)
  2 ogres
  2 centaurs
  3 kobold brigands (D:8)
  4 bullfrogs
  A scorpion (D:4)
  Dowan (D:6)
  7 killer bees (D:7)
  2 wights (D:8)
  2 centaur zombies
  5 orc priests
  A bullfrog zombie (D:8)
  5 jellies
  A bullfrog skeleton (D:6)
  A hound (D:7)
  Jessica (D:3)
  Terence (D:1)
  4 orc wizards
  6 worker ants
  6 adders
  2 shadow imps (D:4)
  3 ufetubi
  An adder zombie (D:8)
  6 worms
  5 leopard geckos
  28 orcs
  5 bats
  5 giant cockroaches
  8 goblins
  8 hobgoblins
  2 jackals (D:8)
  7 kobolds
  2 ball pythons
  2 frilled lizards
  A jackal zombie (D:6)
  A quokka skeleton (D:6)
  A quokka zombie (D:7)
  6 rats
  A bush (D:2)
156 creatures vanquished.

Vanquished Creatures (others)
  A human (D:2)
  2 plants (D:2)
3 creatures vanquished.

Grand Total: 159 creatures vanquished

Notes
Turn   | Place    | Note
-------+----------+-------------------------------------------
     0 | Abyss:1  | DavidChitty2 the Merfolk Abyssal Knight began the quest for
                  | the Orb.
     0 | Abyss:1  | Reached XP level 1. HP: 18/18 MP: 2/2
    64 | Abyss:2  | Noticed a large abomination
    78 | Abyss:2  | Noticed a demonic crawler
    89 | D:1      | Escaped the Abyss
   360 | D:1      | Reached XP level 2. HP: 19/24 MP: 3/3
   666 | D:2      | Noticed Terence
   687 | D:1      | Killed Terence
   688 | D:1      | Reached skill level 4 in Polearms
   688 | D:1      | Reached XP level 3. HP: 14/29 MP: 4/4
  1574 | D:2      | Found an ancient bone altar of Kikubaaqudgha.
  1710 | D:2      | Noticed a human
  1711 | D:2      | Killed a human
  2011 | D:2      | Reached XP level 4. HP: 33/37 MP: 5/5
  2050 | D:3      | Reached * piety under Lugonu
  2587 | D:3      | Reached skill level 5 in Polearms
  2698 | D:3      | Found a faded altar of an unknown god.
  2761 | D:3      | Noticed Jessica
  2765 | D:3      | Killed Jessica
  2766 | D:3      | Reached XP level 5. HP: 38/42 MP: 7/7
  2913 | D:3      | Found a bloodstained altar of Trog.
  3705 | D:4      | Reached skill level 6 in Polearms
  3705 | D:4      | Reached XP level 6. HP: 28/48 MP: 8/8
  3863 | D:3      | Reached ** piety under Lugonu
  4058 | D:4      | Noticed Eustachio
  4141 | D:4      | Killed Eustachio
  4142 | D:4      | Reached skill level 7 in Polearms
  4544 | D:4      | Identified a +2 pair of boots of running (You found it on
                  | level 4 of the Dungeon)
  4563 | D:4      | Reached XP level 7. HP: 55/55 MP: 9/9
  4864 | D:5      | Entered Level 5 of the Dungeon
  4864 | D:5      | Noticed Grinder
  5445 | D:3      | Reached skill level 5 in Dodging
  5488 | D:4      | Paralysed by Grinder for 7 turns
  5518 | D:4      | Paralysed by Grinder for 3 turns
  5526 | D:4      | Killed Grinder
  5527 | D:4      | Reached skill level 5 in Fighting
  5527 | D:4      | Reached skill level 8 in Polearms
  5854 | D:4      | Reached XP level 8. HP: 42/62 MP: 11/11
  6238 | D:5      | Found an iron altar of Okawaru.
  6389 | D:5      | Reached skill level 9 in Polearms
  6776 | D:6      | Noticed Dowan
  6821 | D:6      | Killed Dowan
  6822 | D:6      | Reached skill level 5 in Invocations
  7555 | D:6      | Noticed Duvessa
  7579 | D:6      | Killed Duvessa
  7580 | D:6      | Reached skill level 10 in Polearms
  7981 | D:6      | Found a staircase to the Ecumenical Temple.
  8099 | Temple   | Entered the Ecumenical Temple
  8799 | D:7      | Reached XP level 9. HP: 58/69 MP: 13/13
  8929 | D:7      | Noticed Menkaure
  8935 | D:7      | Killed Menkaure
  9248 | D:7      | Reached skill level 11 in Polearms
  9981 | D:7      | Reached *** piety under Lugonu
 10227 | D:8      | Found a sacrificial altar of Ru.
 10799 | D:8      | Noticed a kobold demonologist
 10804 | D:8      | Noticed a hellwing
 10818 | D:8      | Killed a kobold demonologist
 10819 | D:8      | Reached skill level 12 in Polearms
 10848 | D:8      | HP: 2/72 [asphyx]
 10849 | D:8      | Succumbed to a kobold brigand's poison

Illustrated notes

Levels and vault maps discovered:
D:1:      sevenhm_arrival_forest_fort_small_3, layout_rooms
D:2:      layout_basic, serial_forest, infiniplex_forest_clump_medium,
          infiniplex_forest_clump_long, infiniplex_forest_straight_5,
          infiniplex_forest_straight_5, infiniplex_forest_lined_corner,
          infiniplex_forest_end_1, infiniplex_forest_lined_4_way,
          infiniplex_forest_end_1, infiniplex_forest_lined_3, tgw_kikubaaqudgha,
          uniq_terence
D:3:      layout_rooms, chequers_ecumenical_altar_simple_redux,
          cheibrodos_sewer_entry_bend, trog_hazing_becter, uniq_jessica
D:4:      layout_loops_ring, uniq_eustachio
D:5:      layout_rooms, kennysheep_okawaru_gauntlet, uniq_grinder
D:6:      layout_layer_cave, temple_statues, uniq_duvessa
D:7:      layout_loops_corners, uniq_menkaure
D:8:      layout_basic, marbit_many_paths, special_room [special_room_kobold],
          water_boxes_lemuel
Temple:   dpeg_three_leaves_temple

Skill      XL: |  1  2  3  4  5  6  7  8  9 |
---------------+----------------------------+-----
Dodging        | 3 4 5 6 8 |  8.3
Polearms       | 4 5 6 7 8 10 12 | 12.4
Fighting       | 4 5 6 7 |  7.4
Invocations    | 3 4 5 6 |  6.9
Armour         | |  0.6

Action                   |  1- 3 |  4- 6 |  7- 9 || total
-------------------------+-------+-------+-------++-------
Melee: Spear             |   213 |   103 |   145 ||   461
       Trident           |       |       |   364 ||   364
 Fire: Hunting sling     |    64 |   187 |   171 ||   422
Invok: Depart the Abyss  |     1 |       |       ||     1
  Use: Scroll            |       |       |    18 ||    18
       Potion            |       |       |     2 ||     2
Armor: Leather armour    |     5 |       |       ||     5
       Scale mail        |    16 |    73 |   221 ||   310
       Skin              |       |       |    83 ||    83
Dodge: Dodged            |    40 |    90 |   291 ||   421

Table legend: (Time is in decaauts)
 A = Elapsed time spent in this place.
 B = Non-inter-level travel time spent in this place.
 C = Inter-level travel time spent in this place.
 D = Time resting spent in this place.
 E = Time spent auto-exploring this place.
 F = Levels seen in this place.
 G = Mean time per level.
                   A        B        C        D        E       F      G
               +--------+--------+--------+--------+--------+-----+--------+
         Total |  10460 |  10139 |    321 |   3667 |   4070 |  11 |  950.9 |
       Dungeon |  10299 |   9991 |    308 |   3667 |   3962 |   8 | 1287.4 |
        Temple |     71 |     59 |     12 |      0 |     57 |   1 |   71.0 |
         Abyss |     88 |     88 |      0 |      0 |     51 |   2 |   44.0 |
               +--------+--------+--------+--------+--------+-----+--------+

Top non-repeatable levels by time:
     D:4: 1966 daAuts
     D:3: 1901 daAuts
     D:6: 1746 daAuts
     D:7: 1437 daAuts
     D:2: 1166 daAuts
     D:1: 771 daAuts
     D:5: 699 daAuts
     D:8: 610 daAuts
 Abyss:2: 73 daAuts
  Temple: 71 daAuts
 Abyss:1: 15 daAuts
